 Dungeon Crawl Stone Soup version 0.30.1-11-g7821555f0a (webtiles) character file.

Game seed: 10156173415841597993

69 Nonny the Slasher (level 4, 0/28 HPs)
             Began as a Tengu Cinder Acolyte on Oct 27, 2023.
             Was a High Priest of Ignis.
             Slain by a rat (2 damage)
             ... on level 2 of the Dungeon.
             The game lasted 00:03:56 (1177 turns).

Nonny the Slasher (Tengu Cinder Acolyte)            Turns: 1177, Time: 00:03:56

Health: 0/28       AC:  2    Str: 14    XL:     4   Next: 20%
Magic:  2/6        EV: 11    Int: 17    God:    Ignis [*****.]
Gold:   24         SH:  2    Dex:  9    Spells: 3/5 levels left

rFire   + . .        a - -1 falchion (flame)
rCold   . . .        h - +0 buckler
rNeg    . . .        b - +0 robe
rPois   .            (helmet restricted)
rElec   .            (no cloak)
rCorr   .            (no gloves)
SInv    .            (boots unavailable)
Will    .....        (no amulet)
Stlth   +            (no ring)
HPRegen 0.24/turn    (no ring)
MPRegen 0.10/turn

%: no passive effects
@: attractive
A: beak, talons 3
a: Renounce Religion, Fiery Armour, Foxfire Swarm, Rising Flame


You were on level 2 of the Dungeon.
You worshipped Ignis.
Ignis was extremely pleased with you.
You visited 1 branch of the dungeon, and saw 2 of its levels.

You collected 24 gold pieces.

Inventory:

Hand Weapons
 a - a -1 falchion of flaming (weapon)
Missiles
 e - 2 poisoned darts (quivered)
 k - 5 atropa-tipped darts
Armour
 b - a +0 robe (worn)
 h - a +0 buckler (worn)
Scrolls
 d - 2 scrolls of identify {unknown}
 f - a scroll of poison {unknown}
 g - a scroll of teleportation {unknown}
 i - a scroll of vulnerability {unknown}
 j - a scroll of fear {unknown}
 l - a scroll of torment {unknown}
Potions
 c - a potion of attraction


   Skills:
 + Level 3.5 Fighting
 + Level 4.2 Long Blades
 + Level 0.6 Dodging
 - Level 1.0 Spellcasting
 + Level 4.0 Fire Magic


You had 3 spell levels left.
You knew the following spells:

 Your Spells              Type           Power      Damage    Failure   Level
a - Scorch                Fire           28%        2d6       9%          2

Your spell library contained the following spells:

 Spells                   Type           Power      Damage    Failure   Level
 Blink                    Tloc           0%         N/A       41%         2
 Lesser Beckoning         Tloc           0%         N/A       41%         2
 Momentum Strike          Conj/Tloc      0%         3d8       41%         2


Dungeon Overview and Level Annotations

Branches:
Dungeon (2/15)

Altars:


Innate Abilities, Weirdness & Mutations

You have a beak for a mouth.
You have claws for feet.


Message History

The worm is heavily wounded.
The worm is no longer more vulnerable to fire.
You hit the worm. You burn the worm.
The worm is severely wounded.
The worm bites you.
You hit the worm. You burn the worm. You claw the worm.
The worm is almost dead.
The worm bites you!
* * * LOW HITPOINT WARNING * * *
Unknown command.
The worm is attracted toward you.
The ball python is attracted toward you.
Unknown command.
You see here a +0 shortbow.
Unknown command.
The ball python is attracted toward you.
The ball python attacks as you move away!
The ball python closely misses you. The worm is attracted toward you.
You block the ball python's attack. The ball python grabs you.
The ball python constricts you.
* * * LOW HITPOINT WARNING * * *
You escape the ball python's grasp.
The ball python is attracted toward you.
You hit the ball python. You burn the ball python.
You kill the ball python!
The worm is attracted toward you. 2 rats come into view.
The rat is attracted toward you. x2 2 rats come into view.
The worm is attracted toward you. The rat is attracted toward you. x4
A rat comes into view.
The rat bites you.
* * * LOW HITPOINT WARNING * * *
The rat is attracted toward you. x2
Unknown command.
You closely miss the rat. Your peck misses the rat. The rat barely misses you.
The rat bites you.
* * * LOW HITPOINT WARNING * * *
The rat bites you.
You die...

#.# #. #.########..
#.#####. #...........
#.#..... ##########..
######.#.#### ##.
#.........# #. #.#
##....# #.
#.###.....######## #.
......)......§.wr####
##
#?###......#####@rr§#
#..###.....# #r##...§
#..!.......# #.# #.§
#...###....# #.r .
#...# #....# #..
#...# #...... ...#
....S ....... ....
.###


You could see a worm and 5 rats.

Vanquished Creatures
  2 adders (D:2)
  2 dart slugs
  6 ball pythons
  2 endoplasms (D:1)
  3 giant cockroaches (D:1)
  5 goblins
  2 hobgoblins
  3 jackals (D:1)
  4 kobolds (D:1)
  A quokka (D:1)
  5 bats
  6 frilled lizards
  3 rats
44 creatures vanquished.

Notes
Turn   | Place    | Note
-------+----------+-------------------------------------------
     0 | D:1      | Nonny the Tengu Cinder Acolyte began the quest for the Orb.
     0 | D:1      | Reached XP level 1. HP: 14/14 MP: 3/3
    67 | D:1      | Starting vault: four contained statues.
    80 | D:1      | Reached XP level 2. HP: 18/19 MP: 4/4
    89 | D:1      | Learned a level 2 spell: Scorch
   611 | D:1      | Reached XP level 3. HP: 23/23 MP: 5/5
   690 | D:1      | Found a faded altar of an unknown god.
  1153 | D:2      | Reached XP level 4. HP: 24/28 MP: 3/6
  1163 | D:2      | HP: 1/28 [worm (9)]
  1177 | D:2      | Slain by a rat

Illustrated notes

#####..##############
#####.....#####.......#
#.(.#.....#...#.#####.#
#.8.#.....#.8.#.#####.#
#...#.....#...#....##>##
#####.....#####.##......
................#####.##
......................#
.......@........#######
..................####
...............#.....#
#####.....######.....#
#...#.....#...#......#
#.8.#.....#.8.##.....#
#...#.....#...##.....#
#####.....#####...####
#######†##########


Turn 67 on D:1: Starting vault: four contained statues.

Levels and vault maps discovered:
D:1:      minmay_arrival_glassed_features, layout_loops_cross,
          hellmonk_ecumenical_altar_prayer_group, minmay_statues_item
D:2:      layout_loops_ring, minmay_rat_hole

Skill      XL: |  1  2  3 |
---------------+----------+-----
Long Blades    | 4 |  4.2
Fire Magic     | 4 |  4.0
Fighting       | |  3.5
Dodging        | |  0.6
Spellcasting   | |  1.0

Action                     |  1- 3 |  4- 6 || total
---------------------------+-------+-------++-------
  Melee: Falchion          |    71 |     9 ||    80
         Peck              |    12 |     1 ||    13
         Kick              |    11 |     3 ||    14
   Cast: Scorch            |    14 |     2 ||    16
    Use: Potion            |       |     1 ||     1
 Armour: Robe              |    16 |     1 ||    17
  Dodge: Dodged            |    37 |     5 ||    42
  Block: Buckler           |     3 |     1 ||     4
